 Dungeon Crawl Stone Soup version 0.30-a0-738-g116ff8c4af (webtiles) character file.

Game seed: 6311838242803336510

494 kiwi3s the Cleaver (level 6, 0/78 HPs)
             Began as a Minotaur Berserker on Feb 3, 2023.
             Was a Priest of Trog.
             Succumbed to a gnoll sergeant's poison
             ... on level 5 of the Dungeon.
             The game lasted 00:04:13 (3647 turns).

kiwi3s the Cleaver (Minotaur Berserker)             Turns: 3647, Time: 00:04:13

Health: 0/78       AC:  9    Str: 23    XL:     6   Next: 92%
Magic:  5/5        EV: 10    Int:  4    God:    Trog [***...]
Gold:   111        SH:  0    Dex: 10    Spells: 5/5 levels left

rFire   . . .      SeeInvis .    a - +0 hand axe
rCold   . . .      Faith    .    (no shield)
rNeg    . . .      Spirit   .    v - +0 scale mail
rPois   .          Reflect  .    (helmet restricted)
rElec   .          Harm     .    p - +2 cloak {Will+}
rCorr   .          Rampage  .    (no gloves)
Will    +....                    (no boots) Stlth
                                 (no amulet)
HPRegen 0.33/turn                w - ring of flight
MPRegen 0.09/turn                (no ring)

@: berserking (expiring), lethally poisoned (0 -> -10), flying, very quick
A: horns 2, retaliatory headbutt
a: Renounce Religion, Berserk, Trog's Hand


You were on level 5 of the Dungeon.
You worshipped Trog.
Trog was most pleased with you.
You visited 1 branch of the dungeon, and saw 5 of its levels.

You collected 261 gold pieces.
You spent 150 gold pieces at shops.

Inventory:

Hand Weapons
 a - a +0 hand axe (weapon)
Armour
 b - a +0 animal skin
 p - a +2 cloak of willpower (worn)
 v - a +0 scale mail (worn)
Jewellery
 w - a ring of flight (left hand)
Scrolls
 c - a scroll of acquirement {unknown}
 d - a scroll of brand weapon {unknown}
 e - a scroll of enchant weapon {unknown}
 h - a scroll of amnesia {unknown}
 j - a scroll of noise {unknown}
 m - 2 scrolls of poison {unknown}
 n - a scroll of identify {unknown}
 o - a scroll of blinking {unknown}
 u - a scroll of vulnerability {unknown}
Potions
 f - a potion of brilliance {unknown}
 g - a potion of might {unknown}
 i - a potion of flight {unknown}
 k - a potion of cancellation {unknown}
 l - a potion of attraction {unknown}
 q - 2 potions of heal wounds
 r - a potion of curing {unknown}
 s - a potion of berserk rage {unknown}
 t - a potion of haste
 x - a potion of magic {unknown}
 z - a potion of mutation {unknown}


   Skills:
 + Level 4.0 Fighting
 + Level 9.1 Axes
 + Level 2.8 Armour
 + Level 2.5 Dodging


You had 5 spell levels left.
You didn't know any spells.
Your spell library was empty.

Dungeon Overview and Level Annotations

Branches:
Dungeon (5/15)             Temple (0/1) D:4

Altars:
Dithmenos
Gozag
Hepliaklqana
Makhleb
Trog
Xom

Shops:
D:3 !   D:4 *


Innate Abilities, Weirdness & Mutations

You have a pair of horns on your head.
You reflexively headbutt those who attack you in melee.


Message History

You are too injured to fight recklessly!
A red film seems to cover your vision as you go berserk!
You feel yourself moving faster!
You feel mighty!
You feel sick.
The gnoll hits you with a +0 spear of freezing.
The gnoll freezes you.
The gnoll sergeant hits you from afar with a +0 trident of venom!
You are more poisoned.
The gnoll hits you with a +0 halberd!
* * * LOW HITPOINT WARNING * * *
The gnoll hits you but does no damage.
You hit the gnoll. You headbutt the gnoll!
You kill the gnoll!
Trog accepts your kill.
You barely miss the gnoll. You slash the gnoll!
You feel sick. The gnoll barely misses you. The gnoll sergeant misses you.
The gnoll closely misses you. You furiously retaliate!
You headbutt the gnoll!!
You kill the gnoll!
Trog accepts your kill.
You are too injured to fight recklessly!
* * * LOW HITPOINT WARNING * * *
You feel very sick. The gnoll hits you with a +0 halberd!
* * * LOW HITPOINT WARNING * * *
The gnoll sergeant misses you.
Things that are here:
a +0 spear; a gnoll corpse Unknown command.
Unknown command.
You are too injured to fight recklessly!
You hit the gnoll sergeant.
The gnoll sergeant is moderately wounded.
You slash the gnoll!
You kill the gnoll!
Trog accepts your kill.
* * * LOW HITPOINT WARNING * * *
You feel sick.
You hit the gnoll sergeant but do no damage.
You headbutt the gnoll sergeant!
The gnoll sergeant is almost dead.
You die...

#########
.......#
...#.###
#g....# .
#)@)..#
....#.<...#
...........#
....S#.....#
#...##.....#
##.# #...?.#
... ...|..#
.# ####.#.#
#...#


You could see a gnoll sergeant and an adder.

Vanquished Creatures
  A phantom (D:4)
  A scorpion (D:5)
  An orc priest (D:4)
  Crazy Yiuf (D:2)
  Jessica (D:2)
  Ijyb (D:3)
  Terence (D:2)
  An orc wizard (D:4)
  Robin (D:3)
  3 gnolls (D:5)
  5 adders
  2 worms
  3 dart slugs
  5 orcs
  8 bats
  5 endoplasms
  4 giant cockroaches
  15 goblins
  11 hobgoblins
  3 jackals (D:1)
  10 kobolds
  5 quokkas
  5 ball pythons
  3 frilled lizards
  7 rats
103 creatures vanquished.

Vanquished Creatures (others)
  2 fungi (D:2)
2 creatures vanquished.

Grand Total: 105 creatures vanquished

Notes
Turn   | Place    | Note
-------+----------+-------------------------------------------
     0 | D:1      | kiwi3s the Minotaur Berserker began the quest for the Orb.
     0 | D:1      | Reached XP level 1. HP: 19/19 MP: 0/0
    18 | D:1      | Reached skill level 4 in Axes
    79 | D:1      | Reached XP level 2. HP: 26/26 MP: 1/1
   303 | D:1      | Reached skill level 5 in Axes
   541 | D:1      | Reached XP level 3. HP: 23/31 MP: 2/2
   613 | D:1      | Reached ** piety under Trog
   908 | D:1      | Found a faded altar of an unknown god.
  1032 | D:2      | Noticed Terence
  1040 | D:2      | Killed Terence
  1160 | D:2      | Noticed Jessica
  1164 | D:2      | Killed Jessica
  1165 | D:2      | Reached skill level 6 in Axes
  1165 | D:2      | Reached XP level 4. HP: 39/39 MP: 3/3
  1686 | D:2      | Found a runed translucent door.
  1687 | D:2      | Noticed Crazy Yiuf
  1697 | D:2      | Killed Crazy Yiuf
  1698 | D:2      | Reached XP level 5. HP: 33/45 MP: 4/4
  1782 | D:3      | Reached skill level 7 in Axes
  1971 | D:3      | Noticed Robin
  1987 | D:3      | Reached *** piety under Trog
  1995 | D:3      | Killed Robin
  2242 | D:3      | Noticed Ijyb
  2256 | D:3      | Killed Ijyb
  2602 | D:3      | Found Annufidi's Distillery.
  2612 | D:3      | Bought a potion of haste for 100 gold pieces
  2612 | D:3      | Bought a potion of heal wounds for 50 gold pieces
  2752 | D:3      | Noticed a shadow
  2753 | D:3      | Found a shadowy altar of Dithmenos.
  2754 | D:3      | Found a hazy altar of Hepliaklqana.
  2955 | D:4      | Noticed a phantom
  2966 | D:4      | Killed a phantom
  2967 | D:4      | Reached skill level 8 in Axes
  2967 | D:4      | Reached XP level 6. HP: 51/51 MP: 5/5
  2998 | D:4      | Found Gaonloru's Neck Hole.
  3213 | D:4      | Found a shimmering altar of Xom.
  3338 | D:4      | Found a burning altar of Makhleb.
  3338 | D:4      | Found a bloodstained altar of Trog.
  3373 | D:4      | Found an opulent altar of Gozag.
  3498 | D:4      | Found a staircase to the Ecumenical Temple.
  3630 | D:5      | Entered Level 5 of the Dungeon
  3640 | D:5      | Reached skill level 9 in Axes
  3645 | D:5      | HP: 3/78 [gnoll/+0 halberd[a gnoll sergeant] (11)]
  3647 | D:5      | Succumbed to a gnoll sergeant's poison

Illustrated notes

Levels and vault maps discovered:
D:1:      ncdulo_wetmaze, layout_loops_corners,
          dilly_ecumenical_altar_fadedgnrine, st_stairs_9
D:2:      layout_rooms, minmay_misc_feat_x, uniq_crazy_yiuf_cottage,
          uniq_jessica, uniq_terence
D:3:      layout_loops_corners, riverfiend_overflow_shadow_ancestor,
          serial_shops, shop, palyth_stone_intersect, grunt_decor_resistance,
          uniq_robin, uniq_ijyb
D:4:      layout_basic, lemuel_tele_altar, nicolae_overflow_crystal_walls,
          gammafunk_temple_overflow_pools, temple_doors_cd,
          nicolae_shop_sticking_my_neck_out
D:5:      layout_rooms, minmay_misc_feat_enclosed, uniq_grinder

Skill      XL: |  1  2  3  4  5  6 |
---------------+-------------------+-----
Axes           | 4 5 6 8 9 |  9.1
Fighting       | 4 |  4.0
Armour         | |  2.8
Dodging        | |  2.5

Action                     |  1- 3 |  4- 6 || total
---------------------------+-------+-------++-------
  Melee: Hand axe          |    74 |   163 ||   237
         Headbutt          |    11 |    26 ||    37
         Punch             |     1 |       ||     1
 Invoke: Berserk           |       |     2 ||     2
 Armour: Animal skin       |    13 |    22 ||    35
         Scale mail        |       |    31 ||    31
  Dodge: Dodged            |    57 |    85 ||   142

Table legend: (Time is in decaauts)
 A = Elapsed time spent in this place.
 B = Non-inter-level travel time spent in this place.
 C = Inter-level travel time spent in this place.
 D = Time resting spent in this place.
 E = Time spent auto-exploring this place.
 F = Levels seen in this place.
 G = Mean time per level.
                   A        B        C        D        E       F      G
               +--------+--------+--------+--------+--------+-----+--------+
         Total |   3655 |   3467 |    188 |     64 |   2865 |   5 |  731.0 |
       Dungeon |   3655 |   3467 |    188 |     64 |   2865 |   5 |  731.0 |
               +--------+--------+--------+--------+--------+-----+--------+

Top non-repeatable levels by time:
     D:3: 1217 daAuts
     D:1: 1010 daAuts
     D:2: 738 daAuts
     D:4: 674 daAuts
     D:5: 14 daAuts
